 Dungeon Crawl Stone Soup version 0.21.1-1-g345015f (webtiles) character file.

19 tidbits the Insei (level 2, 0/23 HPs)
             Began as a Gnoll Transmuter on Mar 21, 2018.
             Slain by Sigmund
             ... wielding a +0 scythe of freezing
              (6 damage)
             ... on level 2 of the Dungeon.
             The game lasted 00:02:53 (246 turns).

tidbits the Insei (Gnoll Transmuter)                 Turns: 246, Time: 00:02:54

Health: 0/23       AC:  3    Str: 12    XL:     2   Next: 75%
Magic:  4/7        EV: 14    Int: 15    God:
Gold:   38         SH:  0    Dex: 15    Spells: 7/10 levels left

rFire    . . .     SeeInvis .     - Unarmed
rCold    . . .     Gourm    .   (no shield)
rNeg     . . .     Faith    .   B - +0 robe
rPois    .         Spirit   .   (no helmet)
rElec    .         Reflect  .   (no cloak)
rCorr    .         Harm     .   (no gloves)
MR       .....                  F - +0 pair of boots
Stlth    +.........             (no amulet)
HPRegen  0.07/turn              (no ring)
MPRegen  0.10/turn              (no ring)

@: confused, appendage (expiring), berserk cooldown, slowed, very slow
A: distributed training, fangs 1, horns 2, strong nose
a: End Transformation


You were on level 2 of the Dungeon.
You were not hungry.
You had grown temporary horns.
You visited 1 branch of the dungeon, and saw 2 of its levels.

You collected 38 gold pieces.

Inventory:

Missiles
 a - 38 arrows
Armour
 B - a +0 robe (worn)
 F - a +0 pair of boots (worn)
Jewellery
 f - an uncursed ring of fire
   (You found it on level 1 of the Dungeon)
Scrolls
 b - a scroll of teleportation {unknown}
 g - a scroll of remove curse {unknown}
 i - a scroll of identify {unknown}
Potions
 e - a potion of resistance {unknown}
Books
 d - a book of Changes

   Spells                             Type                      Level
   a - Beastly Appendage              Transmutation                1
   b - Sticks to Snakes               Transmutation                2
   c - Spider Form                    Transmutation/Poison         3
   d - Ice Form                       Ice/Transmutation            4
   e - Blade Hands                    Transmutation                5
Comestibles
 c - 2 rations


   Skills:
 + Level 2.5 Fighting
 + Level 0.5 Short Blades
 + Level 0.5 Long Blades
 + Level 0.5 Axes
 + Level 0.5 Maces & Flails
 + Level 0.5 Polearms
 + Level 0.5 Staves
 + Level 0.5 Slings
 + Level 0.5 Bows
 + Level 0.5 Crossbows
 + Level 0.5 Throwing
 + Level 0.5 Armour
 + Level 4.5 Dodging
 + Level 0.5 Stealth
 + Level 0.5 Shields
 + Level 6.5 Unarmed Combat
 + Level 4.9 Spellcasting
 + Level 0.3 Conjurations
 + Level 0.3 Hexes
 + Level 0.3 Charms
 + Level 0.3 Summonings
 + Level 0.3 Necromancy
 + Level 0.3 Translocations
 + Level 3.7 Transmutations
 + Level 0.3 Fire Magic
 + Level 0.3 Ice Magic
 + Level 0.3 Air Magic
 + Level 0.3 Earth Magic
 + Level 0.3 Poison Magic
 + Level 0.6 Invocations
 + Level 0.5 Evocations


You had 7 spell levels left.
You knew the following spells:

 Your Spells              Type           Power        Failure   Level  Hunger
e - Beastly Appendage     Tmut           ##....       3%          1    None
k - Sticks to Snakes      Tmut           ##......     5%          2    ##.....


Dungeon Overview and Level Annotations

Branches:
Dungeon (2/15)

Altars:

Annotations:
D:2 Sigmund


Innate Abilities, Weirdness & Mutations

Your experience applies equally to all skills.
You have very sharp teeth.
Your uncanny sense of smell can sniff out nearby items.
You have a pair of horns on your head.


Message History

a club; a goblin corpse You hit the hobgoblin.
Your headbutt misses the hobgoblin.
The hobgoblin is heavily wounded.
The hobgoblin barely misses you.
You barely miss the hobgoblin.
You bite the hobgoblin, but do no damage.
The hobgoblin is heavily wounded.
The hobgoblin barely misses you.
You closely miss the hobgoblin.
The hobgoblin is heavily wounded.
The hobgoblin barely misses you.
You punch the hobgoblin!
You kill the hobgoblin!
Things that are here:
a club; a hobgoblin corpse
There is a stone staircase leading down here.
You climb downwards.
Found a scroll labeled VASOCR WOITASH.
There is a stone staircase leading up here.
Unknown command.
Found 28 arrows.
Your transformation is almost over.
You see here a scroll labeled VASOCR WOITASH.
i - a scroll labeled VASOCR WOITASH You see here 28 arrows.
a - 40 arrows (gained 28)
Your horns disappear.
Found an escape hatch in the ceiling.
Unknown command.
Found 5 gold pieces.
There is an escape hatch in the ceiling here.
You see here 5 gold pieces.
You now have 38 gold pieces (gained 5).
A worm comes into view.
Casting: Beastly Appendage
Confirm with . or Enter, or press ? or * to list all spells.
You grow a pair of large bovine horns.
Casting: Beastly Appendage
Confirm with . or Enter, or press ? or * to list all spells.
You create a snake!
You now have 39 arrows.
The worm bites you!
Ouch! That really hurt!
* * * LOW HITPOINT WARNING * * *
You punch the worm!
The worm is heavily wounded.
Your ball python bites the worm.
Your ball python grabs the worm.
Your ball python constricts the worm.
You punch the worm!
You kill the worm!
You see here a worm corpse.
Found a stone staircase leading up.
Your transformation is almost over.
There is a stone staircase leading up here.
You climb upwards.
Your summoned ally is left behind.
The leopard gecko hisses angrily.
Your horns disappear.
There is a stone staircase leading down here.
Unknown command.
You hit the leopard gecko but do no damage.
You bite the leopard gecko, but do no damage.
The leopard gecko closely misses you.
You barely miss the leopard gecko. The leopard gecko barely misses you.
Casting: Sticks to Snakes
Confirm with . or Enter, or press ? or * to list all spells.
You grow a pair of large bovine horns.
The leopard gecko bites you.
* * * LOW HITPOINT WARNING * * *
The leopard gecko barely misses you.
You punch the leopard gecko!
You kill the leopard gecko!
You climb downwards.
There is a stone staircase leading up here.
Unknown command.
Found 14 gold pieces.
Sigmund the Dreaded comes into view.
He is wielding a scythe of freezing.
Found a scroll labeled ZAMIRO XETIERENK.
Casting: Beastly Appendage
Confirm with . or Enter, or press ? or * to list all spells.
You create a snake!
You now have 38 arrows.
Your transformation is almost over.
Sigmund casts a spell at you.
You are confused.
It was a potion of berserk rage.
A red film seems to cover your vision as you go berserk!
You feel yourself moving faster!
You feel mighty!
Unknown command.
You feel a strong urge to attack something.
Sigmund hits you from afar with a scythe of freezing.
* * * LOW HITPOINT WARNING * * *
Sigmund freezes you.
* * * LOW HITPOINT WARNING * * *
You feel your anger nearly subside.
Your ball python bites Sigmund but does no damage.
Your ball python completely misses Sigmund.
Your ball python misses Sigmund.
Your ball python grabs Sigmund.
Your ball python constricts Sigmund.
You are no longer berserk.
You are exhausted.
You feel yourself slow down.
Sigmund hits you from afar with a scythe of freezing.
You die...

..#.. #...# ....# #...#
.##..# #...#
.....#####...#####.
#...............
#...............
#......<........
..#####..####...#####
?....@S@.# #...# ∆
..#..S##$# #...# #..#
#.# #...# #..#
#.####...### ## #...
..##.......# ..
##.#####.#.#.##.#
#.##...###.###..##.#####
#........†##
##......<.##
#.##...##..#
#.....##....


You could see Sigmund and 2 friendly ball pythons.

Vanquished Creatures
  A worm (D:2)
  A leopard gecko (D:1)
  A ball python (D:1)
  A bat (D:1)
  2 giant cockroaches (D:1)
  2 goblins (D:1)
  A hobgoblin (D:1)
  A frilled lizard (D:1)
  2 kobolds (D:1)
  2 rats (D:1)
14 creatures vanquished.

Notes
Turn   | Place    | Note
-------+----------+-------------------------------------------
     0 | D:1      | tidbits the Gnoll Transmuter began the quest for the Orb.
     0 | D:1      | Reached XP level 1. HP: 17/17 MP: 6/6
   108 | D:1      | Reached XP level 2. HP: 20/23 MP: 5/7
   114 | D:1      | Learned a level 2 spell: Sticks to Snakes
   239 | D:2      | Noticed Sigmund
   246 | D:2      | Slain by Sigmund

Action                   || total
-------------------------++-------
Melee: Unarmed           ||    36
       Headbutt          ||     1
       Punch             ||     1
       Bite              ||     2
 Cast: Beastly Appendage ||     8
       Sticks to Snakes  ||     2
  Use: Potion            ||     1
Armor: Robe              ||     3
Dodge: Dodged            ||    33

Table legend:
 A = Turns spent in this place as a percentage of turns spent in the entire game.
 B = Non-inter-level travel turns spent in this place as a percentage of non-inter-level travel turns spent in the entire game.
 C = Inter-level travel turns spent in this place as a percentage of turns spent in this place.
 D = Turns resting spent in this place as a percentage of non-inter-level travel turns spent in this place.
 E = Turns spent auto-exploring this place as a percentage of non-inter-level travel turns spent in this place.
 F = Non-inter-level travel turns spent in this place divided by the number of levels of this place that you've seen.
                   A       B       C       D       E      F
               +-------+-------+-------+-------+-------+----------------------
         Total | 100.0 | 100.0 |   0.0 |   0.0 |   0.0 | 123.0
       Dungeon | 100.0 | 100.0 |   0.0 |   0.0 |   0.0 | 123.0
               +-------+-------+-------+-------+-------+----------------------

Table legend:
 A = Kills in this place as a percentage of kills in entire the game.
 B = Kills by you in this place as a percentage of kills by you in the entire game.
 C = Kills by friends in this place as a percentage of kills by friends in the entire game.
 D = Other kills in this place as a percentage of other kills in the entire game.
 E = Experience gained in this place as a percentage of experience gained in the entire game.
 F = Experience gained in this place divided by the number of levels of this place that you have seen.
                   A       B       C       D       E      F
               +-------+-------+-------+-------+-------+----------------------
         Total | 100.0 | 100.0 |   N/A |   N/A | 100.0 |  14.0
       Dungeon | 100.0 | 100.0 |   N/A |   N/A | 100.0 |  14.0
               +-------+-------+-------+-------+-------+----------------------

Vault maps used:
D:1:      wheals_arrival_shading, minmay_tetromino_s4
D:2:      evilmike_ruin_ashenzari, first_ration, uniq_terence, uniq_sigmund
